 Dungeon Crawl Stone Soup version 0.24.0-37-gcf1ca852f1 (webtiles) character file.

Game seed: 13076892554419954192, levelgen mode: deterministic

75 grindst0ne the Cutter (level 4, -1/29 HPs)
             Began as a Kobold Berserker on Nov 25, 2019.
             Was a Believer of Trog.
             Killed from afar by Natasha (5 damage)
             ... with a magic dart
             ... on level 2 of the Dungeon.
             The game lasted 00:02:16 (1378 turns).

grindst0ne the Cutter (Kobold Berserker)            Turns: 1378, Time: 00:02:16

Health: -1/29      AC:  6    Str: 15    XL:     4   Next: 55%
Magic:  4/4        EV: 12    Int:  8    God:    Trog [**....]
Gold:   33         SH:  0    Dex: 14    Spells: 3/3 levels left

rFire    . . .     SeeInvis .   g - +0 dagger (venom)
rCold    . . .     Gourm    .   (shield restricted)
rNeg     . . .     Faith    .   l - +0 scale mail
rPois    .         Spirit   .   (no helmet)
rElec    .         Reflect  .   (no cloak)
rCorr    .         Harm     .   (no gloves)
MR       .....                  (no boots)
Stlth    ..........             (no amulet)
HPRegen  0.09/turn              (no ring)
MPRegen  0.09/turn              (no ring)

@: drained
A: small, carnivore
a: Berserk, Trog's Hand, Renounce Religion


You were on level 2 of the Dungeon.
You worshipped Trog.
Trog was pleased with you.
You were completely stuffed.

You visited 1 branch of the dungeon, and saw 2 of its levels.

You collected 33 gold pieces.

Inventory:

Hand Weapons
 a - a +0 short sword
 g - a +0 dagger of venom (weapon)
Missiles
 h - 2 throwing nets (quivered)
Armour
 b - a +0 animal skin
 l - a +0 scale mail (worn)
Scrolls
 d - a scroll of teleportation {unknown}
 e - a scroll of magic mapping {unknown}
 f - a scroll of remove curse {unknown}
 j - a scroll of identify {unknown}
 n - a scroll of fog {unknown}
Potions
 i - 2 potions of haste {unknown}
 k - a potion of resistance {unknown}
Comestibles
 c - 6 rations
 m - 7 chunks of flesh


   Skills:
 + Level 4.1(3.4) Fighting
 + Level 5.0(4.2) Short Blades
 - Level 1.5(0.8) Armour
 + Level 3.6(2.9) Dodging


You had 3 spell levels left.
You didn't know any spells.
Your spell library was empty.

Dungeon Overview and Level Annotations

Branches:
Dungeon (2/15)

Altars:

Annotations:
D:2 Natasha


Innate Abilities, Weirdness & Mutations

You are small and have problems with some larger weapons.
You are carnivorous and can eat meat at any time.


Message History

You barely miss Natasha.
Natasha stares at you and mumbles some strange words.
The magic dart hits you.
You closely miss Natasha.
Natasha is lightly wounded.
Natasha completely misses you.
You hit Natasha.
Natasha looks even sicker.
Natasha is heavily wounded.
Natasha claws you!
You hit Natasha.
Natasha is severely wounded.
Natasha claws you.
* * * LOW HITPOINT WARNING * * *
You hit Natasha but do no damage.
Natasha looks as sick as possible!
Natasha is severely wounded.
You closely miss Natasha.
Natasha is severely wounded.
Natasha casts a spell at you. The magic dart hits you.
You die...

#.#..####... ..
#.#.....#.## ##
#.##.##.#.#
#.........# .# ....
###.......####.#
....
#..................
#.#.....####.#.5...
#.#......(.#...h...
#.###.####@#.......
#.###(####h#.......
#.##.....)5.......#
#.....####.####...#
#####.# #.# # ...
#.# #... #.# ....
#.. ...... ###


You could see Natasha and a white imp.

Vanquished Creatures
  Natasha (D:2)
  An adder (D:2)
  2 oozes (D:1)
  A worm (D:2)
  A leopard gecko (D:1)
  A giant cockroach (D:2)
  4 goblins
  2 hobgoblins
  A ball python (D:2)
  5 bats
  4 frilled lizards
  3 kobolds (D:1)
  6 rats
32 creatures vanquished.

Notes
Turn   | Place    | Note
-------+----------+-------------------------------------------
     0 | D:1      | grindst0ne the Kobold Berserker began the quest for the
                  | Orb.
     0 | D:1      | Reached XP level 1. HP: 14/14 MP: 1/1
   123 | D:1      | Reached XP level 2. HP: 12/19 MP: 2/2
   545 | D:1      | Reached XP level 3. HP: 12/24 MP: 3/3
  1122 | D:2      | Reached ** piety under Trog
  1228 | D:2      | Reached XP level 4. HP: 29/29 MP: 4/4
  1232 | D:2      | Noticed Natasha
  1241 | D:2      | Killed Natasha
  1241 | D:2      | Reached skill level 5 in Short Blades
  1365 | D:2      | Noticed Natasha
  1378 | D:2      | Killed from afar by Natasha

Levels and vault maps discovered:
D:1:      saegor_arrival_simple_a, layout_basic, serial_bayou_pond_c,
          minmay_misc_feat_rows
D:2:      layout_loops_ring, uniq_natasha

Skill      XL: |  1  2  3  4 |
---------------+-------------+-----
Dodging        | 3 |  3.6
Fighting       | 4 |  4.1
Short Blades   | 5 |  5.0
Armour         | |  1.5

Action                   |  1- 3 |  4- 6 || total
-------------------------+-------+-------++-------
Melee: Short sword       |    53 |       ||    53
       Dagger            |    68 |    21 ||    89
  Eat: Chunk             |     9 |     1 ||    10
Armor: Animal skin       |    10 |       ||    10
       Scale mail        |    11 |     3 ||    14
Dodge: Dodged            |    75 |     9 ||    84
